 Dungeon Crawl Stone Soup version 0.28-a0-906-g0406aca7d3 (webtiles) character file.

Game seed: 5934907135417917747

128 croobank the Digger (level 5, -1/31 HPs)
             Began as an Octopode Earth Elementalist on Nov 24, 2021.
             Slain by a black bear (8 damage)
             ... on level 3 of the Dungeon.
             The game lasted 00:17:44 (3170 turns).

croobank the Digger (Octopode Earth Elementalist)   Turns: 3170, Time: 00:17:45

Health: -1/31      AC:  1    Str:  8    XL:     5   Next: 12%
Magic:  9/9        EV: 13    Int: 17    God:
Gold:   69         SH:  0    Dex: 13    Spells: 4/10 levels left

rFire   . . .      SeeInvis .   e - +1 trident
rCold   . . .      Faith    .   (no shield)
rNeg    . . .      Spirit   .   (helmet restricted)
rPois   .          Reflect  .   (no amulet)
rElec   .          Harm     .   (no ring)
rCorr   .          Rampage  .   (no ring)
Will    .....                   (no ring)
Stlth   +++.......              (no ring)
HPRegen 0.10/turn               (no ring)
MPRegen 0.11/turn               (no ring)
                                (no ring)
                                (no ring)

@: mighty
A: almost no armour, amphibious, 8 rings, camouflage 1, gelatinous body 1,
(nimble swimmer 1), tentacles
a: no special abilities


You were on level 3 of the Dungeon.
You visited 1 branch of the dungeon, and saw 3 of its levels.

You collected 69 gold pieces.

Inventory:

Hand Weapons
 c - a +0 dagger
 e - a +1 trident (weapon)
 i - a +0 short sword
 k - a +0 hand axe
Missiles
 b - 97 stones
Scrolls
 h - a scroll of immolation
 l - a scroll of teleportation {unknown}
Potions
 a - a potion of lignification
 f - a potion of ambrosia {unknown}
 g - 5 potions of curing {unknown}


   Skills:
 + Level 0.2 Fighting
 * Level 1.4 Polearms
 + Level 2.3 Dodging
 + Level 3.5 Stealth
 + Level 1.0 Unarmed Combat
 + Level 3.1 Spellcasting
 * Level 0.2 Conjurations
 + Level 1.0 Transmutations
 + Level 3.6 Earth Magic


You had 4 spell levels left.
You knew the following spells:

 Your Spells              Type           Power      Damage    Failure   Level
a - Sandblast             Erth           30%        2d9       3%          1
b - Passwall              Tmut/Erth      8%         N/A       10%         2
c - Stone Arrow           Conj/Erth      18%        3d8       24%         3

Your spell library contained the following spells:

 Spells                   Type           Power      Damage    Failure   Level
 Petrify                  Tmut/Erth      10%        N/A       54%         4
 Lehudib's Crystal Spear  Conj/Erth      4%         10d3      100%        8
 Animate Armour           Summ/Erth      Unusable   N/A       N/A         4

Dungeon Overview and Level Annotations

Branches:
Dungeon (3/15)

Altars:
Cheibriados
Nemelex Xobeh

Shops:
D:1 !


Innate Abilities, Weirdness & Mutations

You cannot wear most types of armour.
You are amphibious.
You can wear up to eight rings at the same time.
Your skin changes colour to match your surroundings (Stealth+).
Your rubbery body absorbs attacks. (AC +1, EV +1)
((You are camouflaged near water. (Stealth+)))
You have tentacles for arms and can constrict up to eight enemies at once.


Message History

You reach to attack!
The helpless kobold fails to defend itself.
You hit the kobold.
You kill the kobold!
Found a stone staircase leading up.
You closely miss the ball python. You grab the ball python.
You squeeze the ball python.
The ball python is moderately wounded.
You constrict the ball python. The ball python closely misses you. x2
The ball python barely misses you. The ball python grabs you.
The ball python constricts you.
You puncture the ball python!
You kill the ball python!
Reach: e) +0 trident
Press: ? - help, Dir - move target, f - black bear
Aim: a black bear (asleep, about 2% to evade your +0 trident)
You reach to attack!
The helpless black bear fails to defend itself.
You hit the black bear.
The black bear is lightly wounded.
Things that are here:
a +0 dagger; 3 stones; a kobold corpse The black bear bites you!
The black bear closely misses you. The black bear barely misses you.
There is a stone staircase leading up here.
As you read the scroll labelled VOEMIU BOROUCW, it crumbles to dust.
It is a scroll of enchant weapon.
Your +0 trident glows red for a moment.
The black bear bites you. The black bear claws you.
The black bear closely misses you.
You hit the black bear. You grab the black bear.
The black bear is lightly wounded.
You constrict the black bear. The black bear bites you!
The black bear claws you. x2
* * * LOW HITPOINT WARNING * * *
Okay, then.
Okay, then.
It was a potion of might.
You feel very mighty all of a sudden.
You constrict the black bear. The black bear bites you!
You die...

#....## #...'....## ##
##.### #...#...## #.
#.# ####..##..## ##
#.# #.'...##'## #.#
#.######.# ##.####.#
#.# ###### #.......#
##.## #..... #..#
#.######...###)####
#..# #.@.........##.#
#..###h######...###)#
#..........##..####.##
#.####.###.##..###...#
#.# #)# #.........#.#
#.####.######..###...#
#..............# #####
##############.# ##
#)# #.


You could see a black bear.

Vanquished Creatures
  A hound (D:3)
  4 adders
  3 dart slugs
  2 orcs (D:3)
  5 endoplasms
  2 giant cockroaches (D:2)
  4 goblins
  4 hobgoblins
  3 quokkas
  3 ball pythons
  6 bats
  8 frilled lizards
  10 kobolds
  4 rats
59 creatures vanquished.

Notes
Turn   | Place    | Note
-------+----------+-------------------------------------------
     0 | D:1      | croobank the Octopode Earth Elementalist began the quest
                  | for the Orb.
     0 | D:1      | Reached XP level 1. HP: 11/11 MP: 3/3
   708 | D:1      | Reached XP level 2. HP: 17/17 MP: 1/5
   898 | D:1      | Found Hutacs's Distillery.
  1288 | D:1      | Reached skill level 1 in Unarmed Combat
  1396 | D:1      | Reached XP level 3. HP: 21/21 MP: 4/6
  2044 | D:3      | Reached XP level 4. HP: 22/27 MP: 8/8
  2122 | D:3      | Found a sparkling altar of Nemelex Xobeh.
  2201 | D:3      | Learned a level 2 spell: Passwall
  2205 | D:3      | Learned a level 3 spell: Stone Arrow
  2382 | D:3      | Found a snail-covered altar of Cheibriados.
  2419 | D:3      | Reached skill level 1 in Polearms
  2509 | D:3      | Reached XP level 5. HP: 29/31 MP: 9/9
  2544 | D:3      | Noticed a black bear
  3170 | D:3      | Slain by a black bear

Illustrated notes

Levels and vault maps discovered:
D:1:      saegor_arrival_simple_b, layout_basic, serial_shops, shop,
          serial_park_tiny_2
D:2:      layout_rooms, minmay_lizard_pond
D:3:      layout_loops_corners, kennysheep_slug_shrine,
          mainiacjoe_overflow_alcove_1, kennysheep_nondescript

Skill      XL: |  1  2  3  4 |
---------------+-------------+-----
Unarmed Combat | 1 |  1.0
Stealth        | 3 |  3.5
Spellcasting   | 3 |  3.1
Polearms       | 1 |  1.4
Fighting       | |  0.2
Dodging        | |  2.3
Conjurations   | |  0.2
Transmutations | |  1.0
Earth Magic    | |  3.6

Action                   |  1- 3 |  4- 6 || total
-------------------------+-------+-------++-------
Melee: Unarmed           |    16 |       ||    16
       Constrict         |    11 |     9 ||    20
       Trident           |    26 |    40 ||    66
       Tentacles         |     4 |     6 ||    10
 Cast: Sandblast         |    26 |       ||    26
       Stone Arrow       |       |     1 ||     1
  Use: Scroll            |     6 |     1 ||     7
       Potion            |       |     1 ||     1
 Stab: Sleeping          |     5 |     8 ||    13
Armor: Skin              |     1 |     3 ||     4
Dodge: Dodged            |    21 |    22 ||    43

Table legend: (Time is in decaauts)
 A = Elapsed time spent in this place.
 B = Non-inter-level travel time spent in this place.
 C = Inter-level travel time spent in this place.
 D = Time resting spent in this place.
 E = Time spent auto-exploring this place.
 F = Levels seen in this place.
 G = Mean time per level.
                   A        B        C        D        E       F      G
               +--------+--------+--------+--------+--------+-----+--------+
         Total |   3186 |   3144 |     42 |    804 |   1708 |   3 | 1062.0 |
       Dungeon |   3186 |   3144 |     42 |    804 |   1708 |   3 | 1062.0 |
               +--------+--------+--------+--------+--------+-----+--------+

Top non-repeatable levels by time:
     D:1: 1465 daAuts
     D:3: 1147 daAuts
     D:2: 573 daAuts
